 Dungeon Crawl Stone Soup version 0.26-a0-682-g294304f6e8 (webtiles) character file.

Game seed: 4447840877214097060

20430 Decritt the Fighter (level 12, -35/113 HPs)
             Began as a Minotaur Fighter on Oct 20, 2020.
             Was the Champion of Okawaru.
             Annihilated by an enormous slime creature (52 damage)
             ... on level 13 of the Dungeon.
             The game lasted 00:41:03 (12816 turns).

Decritt the Fighter (Minotaur Fighter)             Turns: 12816, Time: 00:41:03

Health: -35/113    AC: 30    Str: 23    XL:     12   Next: 45%
Magic:  9/11       EV: 18    Int:  5    God:    Okawaru [******]
Gold:   710        SH: 28    Dex: 13    Spells: 11/11 levels left

rFire    . . .     SeeInvis .   p - +7 sceptre of Torment {pain, torment}
rCold    . . .     Faith    .   o - +2 tower shield
rNeg     . . .     Spirit   .   a - +6 chain mail of Hewappon {rCorr}
rPois    .         Reflect  +   M - +1 hat
rElec    .         Harm     .   K - +2 cloak
rCorr    +         Rampage  .   y - +0 pair of gloves
MR       .....                  (no boots)
Stlth    ..........             s - amulet of reflection
HPRegen  0.28/turn              J - +4 ring of evasion
MPRegen  0.12/turn              l - +4 ring of protection

@: heroism
A: retaliatory headbutt, horns 2
a: Heroism, Finesse, Renounce Religion


You were on level 13 of the Dungeon.
You worshipped Okawaru.
Okawaru was exalted by your worship.
You visited 2 branches of the dungeon, and saw 14 of its levels.

You collected 740 gold pieces.
You spent 30 gold pieces at shops.

Inventory:

Hand Weapons
 j - a +3 war axe
 p - the +7 sceptre of Torment (weapon) {pain, torment}
   (You found it on level 8 of the Dungeon)

   In the hands of one skilled in necromantic magic, it inflicts extra damage on
   living creatures.
Missiles
 h - 34 boomerangs (quivered)
 x - 4 javelins
 G - 2 boomerangs of dispersal
Armour
 a - the +6 chain mail of Hewappon (worn) {rCorr}
   (You found it on level 8 of the Dungeon)

   It provides partial protection from all sources of acid and corrosion.
 o - a +2 tower shield (worn)
 y - a +0 pair of gloves (worn)
 K - a +2 cloak (worn)
 M - a +1 hat (worn)
Jewellery
 b - an uncursed ring of protection from cold
 e - an uncursed amulet of regeneration
 l - a +4 ring of protection (right hand)
 s - an amulet of reflection (around neck)
 J - a +4 ring of evasion (left hand)
 N - an uncursed amulet of the acrobat {unknown}
Wands
 v - a wand of polymorph (35)
 D - a wand of disintegration (34)
 I - a wand of digging (5)
 L - a wand of random effects (16)
 O - a wand of iceblast (8)
Scrolls
 c - a scroll of random uselessness {unknown}
 f - 5 scrolls of teleportation
 g - 3 scrolls of magic mapping {unknown}
 i - 7 scrolls of remove curse
 k - 2 scrolls of fog
 q - 2 scrolls of immolation {unknown}
 w - 3 scrolls of enchant weapon
 z - 2 scrolls of fear
Potions
 d - 3 potions of might
 m - 4 potions of heal wounds
 n - a potion of stabbing {unknown}
 t - 3 potions of invisibility
 u - 2 potions of haste
 A - a potion of flight {unknown}
 B - 3 potions of curing
 C - 3 potions of magic
 E - 2 potions of berserk rage
 F - 2 potions of degeneration {unknown}
 H - 2 potions of mutation


   Skills:
 * Level 12.5(17.5) Fighting
 * Level 12.2(17.2) Axes
 + Level 11.4(16.4) Armour
 + Level 8.5(13.5) Dodging
 + Level 11.5(16.5) Shields


You had 11 spell levels left.
You didn't know any spells.
Your spell library contained the following spells:

 Spells                   Type           Power        Failure   Level
 Magic Dart               Conj           #...         100%        1
 Sting                    Tmut/Pois      #...         100%        1
 Poisonous Vapours        Pois/Air       #.....       100%        2
 Searing Ray              Conj           #.....       100%        2
 Dazzling Flash           Conj/Hex       #.....       100%        3
 Ignite Poison            Fire/Tmut/Pois #.......     100%        3
 Mephitic Cloud           Conj/Pois/Air  #.......     100%        3
 Fulminant Prism          Conj/Hex       #.........   100%        4
 Iskenderun's Mystic Bla  Conj/Tloc      #.......     100%        4
 Olgreb's Toxic Radiance  Pois           #.......     100%        4


Dungeon Overview and Level Annotations

Branches:
Dungeon (13/15)            Temple (1/1) D:5            Lair (0/6) D:8
    Orc (0/2) D:10
 Vaults: D:13-14

Altars:
Ashenzari
Cheibriados
Dithmenos
Elyvilon
Fedhas
Gozag
Hepliaklqana
Kikubaaqudgha
Makhleb
Nemelex Xobeh
Okawaru
Qazlal
Ru
Sif Muna
Trog
Uskayaw
Vehumet
Wu Jian
Xom
Yredelemnul
Zin
The Shining One
Beogh

Shops:
D:6 *   D:7 (   D:10 *   D:12 *

Portals:
Trove: D:11 (give 2 scrolls of acquirement)

Annotations:
D:8 3 runed translucent doors, Peloso's ghost, novice MiFi
D:10 2 transporters, Kinoniko's ghost, journeyman OgBe


Innate Abilities, Weirdness & Mutations

You reflexively headbutt those who attack you in melee.
You have a pair of horns on your head.


Message History

The enormous slime creature is heavily wounded.
You sock the enormous slime creature!
The enormous slime creature convulses!
The enormous slime creature is severely wounded.
You block the enormous slime creature's attack.
Your chain mail of Hewappon prevents you from hitting the enormous slime creature.
The enormous slime creature is severely wounded.
The enormous slime creature hits you!!!
Ouch! That really hurt!
* * * LOW HITPOINT WARNING * * *
You gain the combat prowess of a mighty hero.
You block the enormous slime creature's attack.
You fail to use your ability.
The enormous slime creature completely misses you.
You fail to use your ability.
You block the enormous slime creature's attack.
You impale the enormous slime creature!!
The enormous slime creature is almost dead.
The enormous slime creature hits you!!!
You die...

#...^.....### ###.##
########+## #..<# #.###
##'######## #.........#
####.........# .
#..'.........# ...
#####.##.........#
.....##.J@[.##.........#
.......[######.........#
.....#### #.........#
.... #.....[...# ##
#.....)...# #.........#
###########


You could see an enormous slime creature.

Vanquished Creatures
  An ogre mage (D:8)
  Harold (D:7)
  A centaur warrior (D:13)
  The ghost of PentaManta the Slinger, a journeyman HaBe of Trog (D:12)
  5 unseen horrors
  Pikel (D:8)
  An ugly thing (D:11)
  2 centaur zombies
  A guardian serpent (D:10)
  Psyche (D:8)
  A torpor snail (shapeshifter) (D:12)
  3 kobold demonologists (D:12)
  2 komodo dragons
  2 trolls
  Prince Ribbit (D:8)
  2 slime creatures (D:13)
  A hornet (D:12)
  A wraith (D:11)
  A shadow (D:12)
  14 yaks
  2 soldier ants (D:9)
  An acid dragon (D:11)
  A water moccasin (D:6)
  6 ice beasts
  14 orc warriors
  4 sky beasts
  A black bear (D:11)
  A phantom (D:9)
  5 ogres
  2 eyes of draining
  6 centaurs
  A big kobold (D:10)
  8 bullfrogs
  A gnoll sergeant (D:12)
  2 water moccasin skeletons
  A water moccasin zombie (D:10)
  3 scorpions
  6 killer bees (D:10)
  10 wights
  5 howler monkeys
  2 jellies
  A bullfrog zombie (D:10)
  A hound (D:5)
  2 bullfrog skeletons
  8 orc priests
  3 centaur skeletons
  4 iguanas
  8 worker ants
  19 orc wizards
  2 hound zombies
  10 adders
  11 gnolls
  2 shadow imps
  5 white imps
  3 ufetubi
  3 oozes
  An adder zombie (D:8)
  An adder skeleton (D:4)
  3 worms
  2 dart slugs
  8 leopard geckos
  70 orcs
  4 bats
  6 giant cockroaches
  10 goblins
  9 hobgoblins
  8 jackals
  3 quokkas
  3 ball pythons
  5 frilled lizards
  2 goblin skeletons (D:5)
  A goblin zombie (D:5)
  3 hobgoblin zombies (D:5)
  A jackal zombie (D:7)
  17 kobolds
  A kobold zombie (D:5)
  2 leopard gecko skeletons
  An orc skeleton (D:5)
  2 orc zombies (D:5)
  12 rats
382 creatures vanquished.

Vanquished Creatures (others)
  A kobold demonologist (D:12)
  7 plants (D:8)
8 creatures vanquished.

Grand Total: 390 creatures vanquished

Notes
Turn   | Place    | Note
-------+----------+-------------------------------------------
     0 | D:1      | Decritt the Minotaur Fighter began the quest for the Orb.
     0 | D:1      | Reached XP level 1. HP: 19/19 MP: 0/0
   264 | D:1      | Reached XP level 2. HP: 27/27 MP: 1/1
   587 | D:1      | Reached XP level 3. HP: 34/34 MP: 2/2
  1118 | D:2      | Reached XP level 4. HP: 41/41 MP: 3/3
  1187 | D:2      | Reached skill level 5 in Fighting
  1706 | D:3      | Reached XP level 5. HP: 48/48 MP: 4/4
  1781 | D:3      | Found a basalt altar of Yredelemnul.
  1782 | D:3      | Found a broken altar of Ashenzari.
  1786 | D:3      | Found a sacrificial altar of Ru.
  1818 | D:3      | Found a radiant altar of Vehumet.
  2100 | D:3      | Noticed an orc warrior
  2108 | D:3      | Reached skill level 5 in Axes
  2319 | D:4      | Reached XP level 6. HP: 50/58 MP: 5/5
  2707 | D:4      | Killed an orc warrior
  2871 | D:3      | Reached skill level 1 in Dodging
  3555 | D:4      | Reached XP level 7. HP: 60/64 MP: 6/6
  3605 | D:4      | Reached skill level 5 in Armour
  3605 | D:4      | Reached skill level 5 in Shields
  3771 | D:5      | Entered Level 5 of the Dungeon
  3920 | D:5      | Found a hide-covered altar of Uskayaw.
  3921 | D:5      | Found a sparkling altar of Nemelex Xobeh.
  3921 | D:5      | Found a bloodstained altar of Trog.
  3956 | D:5      | Found a staircase to the Ecumenical Temple.
  3966 | Temple   | Entered the Ecumenical Temple
  4116 | D:5      | Reached XP level 8. HP: 71/71 MP: 0/7
  4226 | D:5      | Found a glowing golden altar of the Shining One.
  4710 | D:5      | Found an iron altar of Okawaru.
  4755 | D:5      | Became a worshipper of Warmaster Okawaru
  5016 | D:6      | Reached * piety under Okawaru
  5052 | D:6      | Found a shimmering altar of Xom.
  5102 | D:6      | Found Xoci's Serpentskin Sales.
  5269 | D:6      | Reached XP level 9. HP: 54/78 MP: 8/8
  5274 | D:6      | Reached ** piety under Okawaru
  5710 | D:7      | Found Ocwiudir's Weapon Shoppe.
  5737 | D:7      | Reached skill level 5 in Dodging
  5755 | D:7      | Noticed Harold
  6418 | D:8      | Noticed Pikel
  6431 | D:8      | Killed Pikel
  6431 | D:8      | Reached *** piety under Okawaru
  6454 | D:8      | Found the +7 sceptre of Torment {pain, torment}
  6516 | D:8      | Killed an unseen horror
  6516 | D:8      | Reached **** piety under Okawaru
  6516 | D:8      | Reached XP level 10. HP: 24/90 MP: 5/9
  6781 | D:8      | Got a pitted chain mail
  6791 | D:8      | Identified the +6 chain mail of Hewappon {rCorr} (You found
                  | it on level 8 of the Dungeon)
  6893 | D:7      | Killed Harold
  8077 | D:8      | Found a stormy altar of Qazlal.
  8209 | D:8      | Found a runed translucent gate.
  8209 | D:8      | Found a runed translucent gate.
  8209 | D:8      | Noticed a nine-headed hydra
  8209 | D:8      | Noticed Peloso's ghost (novice MiFi)
  8210 | D:8      | Found a runed translucent gate.
  8315 | D:8      | Found a roughly hewn altar of Beogh.
  8342 | D:8      | Reached ***** piety under Okawaru
  8462 | D:8      | Noticed an ogre mage
  8468 | D:8      | Killed an ogre mage
  8468 | D:8      | Reached skill level 10 in Armour
  8468 | D:8      | Reached skill level 10 in Shields
  8495 | D:8      | Noticed Psyche
  8500 | D:8      | Killed Psyche
  8534 | D:8      | Noticed Prince Ribbit
  8539 | D:8      | Killed Prince Ribbit
  8539 | D:8      | Reached skill level 10 in Fighting
  8699 | D:8      | Found a staircase to the Lair.
  8711 | D:8      | Reached XP level 11. HP: 99/99 MP: 10/10
  9303 | D:9      | Reached skill level 10 in Axes
  9486 | D:10     | Entered Level 10 of the Dungeon
  9517 | D:10     | Found a transporter.
  9517 | D:10     | Noticed Kinoniko's ghost (journeyman OgBe)
  9603 | D:10     | Found a transporter.
  9626 | D:10     | Found a staircase to the Orcish Mines.
  9825 | D:10     | Found Nuisogow's Assorted Antiques.
 10179 | D:10     | Killed an unseen horror
 10179 | D:10     | Received a gift from Okawaru
 10545 | D:11     | Found a portal to a secret trove of treasure.
 10660 | D:11     | Reached ****** piety under Okawaru
 10877 | D:11     | Noticed a red ugly thing
 10885 | D:11     | Killed a red ugly thing
 10885 | D:11     | Received a gift from Okawaru
 11201 | D:12     | Found Obbiamem's General Store.
 11239 | D:12     | Bought a scroll of identify for 30 gold pieces
 11279 | D:12     | You fall into a shaft and drop 1 floor!
 11279 | D:13     | Noticed a centaur warrior
 11288 | D:13     | Killed a centaur warrior
 11418 | D:13     | Killed an unseen horror
 11496 | D:12     | Reached XP level 12. HP: 111/111 MP: 11/11
 11923 | D:12     | Found a glowing golden altar of the Shining One.
 11975 | D:12     | Noticed PentaManta's ghost (journeyman HaBe)
 11986 | D:12     | Found a runed translucent door.
 12167 | D:12     | Killed PentaManta's ghost
 12801 | D:13     | Received a gift from Okawaru
 12816 | D:13     | Annihilated by an enormous slime creature

Illustrated notes

Levels and vault maps discovered:
D:1:      dpeg_arrival_chambers_temple_mockup, layout_basic,
          grunt_decor_arrowhead
D:2:      layout_rooms
D:3:      layout_basic, minitemple, lemuel_tele_altar
D:4:      layout_cave_pods, serial_co_window_serial, co_window_paths_a,
          co_window_cross_1, co_window_cross_1, co_window_of_opportunity_a,
          co_window_paths_a, co_window_paths_a, co_window_paths_a,
          co_window_of_opportunity_b, co_window_of_opportunity_b,
          co_window_paths_c, co_window_2corner, co_window_corner_b,
          co_window_unsneaky_path_e, glass_columns_a, glass_columns_a,
          glass_columns_b, glass_columns_a, glass_columns_a
D:5:      layout_basic, gammafunk_temple_overflow_claw,
          okawaru_altar_gauntlet_db, nicolae_tso_besieged_by_evil
D:6:      layout_cave_pools, basic_altar, guppyfry_shop_venom
D:7:      minmay_skewed_foursquare, layout_layer_cave, serial_shops, shop,
          uniq_harold
D:8:      layout_basic, nicolae_qazlal_eye_of_the_storm, david_lair_shrubbed,
          gammafunk_ghost_hydra_chop, special_room [special_room_orc],
          minmay_diamond_spiral, uniq_psyche, uniq_pikel, uniq_prince_ribbit1
D:9:      layout_cave_pools, hangedman_pestilent_swarm
D:10:     layout_cave_pools, orc_0_dummy, serial_shops, shop,
          gammafunk_ghost_hive, nrook_guardian_serpent_ordinary
D:11:     layout_basic, nicolae_trove_entry_crystal, nicolae_twisting_strands,
          feat_on_display
D:12:     layout_basic, serial_shops, kennysheep_mini_moat,
          hellmonk_ghost_happy_afterlife, basic_altar
D:13:     layout_roguey
Temple:   dshaligram_water_room_temple

Skill      XL: |  1  2  3  4  5  6  7  8  9 10 11 12 |
---------------+-------------------------------------+-----
Fighting       | 4 5 6 8 10 11 12 | 12.5
Axes           | 3 4 5 6 8 9 11 12 | 12.2
Armour         | 4 6 8 9 10 11 | 11.4
Shields        | 4 6 8 9 10 11 | 11.5
Dodging        | 1 2 4 5 6 8 |  8.5

Action                   |  1- 3 |  4- 6 |  7- 9 | 10-12 || total
-------------------------+-------+-------+-------+-------++-------
Melee: War axe           |    79 |   192 |    85 |       ||   356
       Headbutt          |     9 |    39 |    73 |    80 ||   201
       Flail             |       |       |   224 |       ||   224
       Eveningstar       |       |       |       |   439 ||   439
Throw: Boomerang         |       |    12 |   106 |   218 ||   336
       Javelin           |       |       |    35 |     4 ||    39
Invok: Heroism           |       |       |     1 |     1 ||     2
  Use: Scroll            |       |    12 |     3 |     4 ||    19
       Potion            |       |       |     1 |     1 ||     2
Armor: Scale mail        |    29 |       |       |       ||    29
       Plate armour      |     8 |   105 |   149 |       ||   262
       Chain mail        |       |       |       |   210 ||   210
Dodge: Dodged            |    20 |    14 |    29 |    96 ||   159
Block: Kite shield       |    44 |       |       |       ||    44
       Tower shield      |       |   178 |   345 |   607 ||  1130
       Reflection        |       |       |       |    50 ||    50

Table legend: (Time is in decaauts)
 A = Elapsed time spent in this place.
 B = Non-inter-level travel time spent in this place.
 C = Inter-level travel time spent in this place.
 D = Time resting spent in this place.
 E = Time spent auto-exploring this place.
 F = Levels seen in this place.
 G = Mean time per level.
                   A        B        C        D        E       F      G
               +--------+--------+--------+--------+--------+-----+--------+
         Total |  13354 |  13012 |    342 |   1370 |   8499 |  14 |  953.9 |
       Dungeon |  13259 |  12938 |    321 |   1370 |   8438 |  13 | 1019.9 |
        Temple |     94 |     73 |     21 |      0 |     61 |   1 |   94.0 |
               +--------+--------+--------+--------+--------+-----+--------+

Top non-repeatable levels by time:
     D:8: 2038 daAuts
     D:4: 1598 daAuts
     D:7: 1561 daAuts
    D:12: 1202 daAuts
     D:5: 1058 daAuts
     D:1: 991 daAuts
    D:10: 986 daAuts
    D:11: 957 daAuts
     D:3: 783 daAuts
     D:6: 637 daAuts
     D:9: 588 daAuts
     D:2: 539 daAuts
    D:13: 315 daAuts
  Temple: 94 daAuts
